AoeStats
← 進清十郎

Arena

507526714Analyzed
4v4 RM · 13d ago on Sep 18, 2026· 44m 24s· 8 players
Game mode
Random Map
Map size
Large (8 player)
Population
200
Speed
Normal
Resources
Standard
Victory
Conquest
Starting age
Dark Age
Ending age
Imperial Age
RankedLock teamsTeams togetherTeam positionsShared explorationLock speedFull tech treeHidden civsTurbo modeCheats
Victory
Defeat
🇭🇰 Persians · Hong Kong SAR China
1390
+7
🇯🇵 Spanish · Japan
1181
+14
🇭🇰 Burgundians · Hong Kong SAR China
1142
+16
🇦🇺 Turks · Australia
1123
+17
🇧🇷 Hindustanis · Brazil
1187
-15
🇫🇷 Bohemians · France
1158
-14
🇨🇱 Cumans · Chile
1151
-13
🇮🇳 Mongols · India
1110
-12
olDirty
11:03 Feudal Age
16:56 Castle Age
15:45 Double-Bit Axe
16:29 Horse Collar
19:06 Wheelbarrow
19:02 Bow Saw
20:46 Loom
23:32 Chemistry
23:40 Wagenburg Tactics
24:02 Padded Archer Armor
25:23 Heavy Plow
26:50 Leather Archer Armor
27:20 Hand Cart
27:45 Scale Mail Armor
32:02 Fletching
33:12 Pikeman
33:53 Squires
34:19 Bodkin Arrow
Tesla_G
5:06 Loom
11:29 Feudal Age
14:59 Castle Age
13:42 Horse Collar
13:49 Double-Bit Axe
17:15 Bow Saw
22:49 Heavy Plow
24:28 Wheelbarrow
24:58 Gold Mining
29:16 Imperial Age
27:38 Hand Cart
27:30 Scale Barding Armor
27:36 Forging
28:41 Chain Barding Armor
29:20 Bloodlines
29:10 Husbandry
29:29 Heavy Camel Rider
31:23 Chemistry
32:07 Iron Casting
34:06 Plate Barding Armor
34:34 Imperial Camel Rider
36:12 Padded Archer Armor
37:07 Conscription
38:01 Blast Furnace
37:50 Leather Archer Armor
40:29 Light Cavalry
Rubick
11:28 Feudal Age
15:32 Castle Age
13:27 Double-Bit Axe
13:25 Horse Collar
18:38 Wheelbarrow
18:31 Loom
20:47 Hand Cart
22:28 Bow Saw
24:16 Town Watch
24:37 Heavy Plow
26:11 Town Patrol
26:06 Gold Mining
26:09 Stone Mining
27:01 Fletching
27:18 Scale Barding Armor
30:47 Imperial Age
28:24 Bodkin Arrow
28:29 Padded Archer Armor
28:59 Padded Archer Armor
29:21 Bloodlines
29:56 Thumb Ring
29:57 Husbandry
30:14 Leather Archer Armor
31:05 Ballistics
31:42 Bracer
32:47 Chemistry
33:45 Conscription
34:09 Parthian Tactics
34:44 Chain Barding Armor
34:35 Forging
33:48 Light Cavalry
34:04 Elite Mangudai
37:03 Iron Casting
39:22 Masonry
40:20 Blast Furnace
40:17 Siege Engineers
41:21 Hussar
Nichelson3360
9:50 Feudal Age
11:38 Loom
16:20 Wheelbarrow
26:22 Castle Age
24:10 Town Watch
24:58 Stone Mining
25:05 Double-Bit Axe
25:31 Gold Mining
25:29 Horse Collar
27:29 Hand Cart
27:26 Heavy Plow
27:34 Gold Mining
27:57 Fletching
29:20 Bodkin Arrow
29:06 Elite Skirmisher
31:23 Padded Archer Armor
31:47 Bow Saw
34:35 Ballistics
34:35 Leather Archer Armor
35:01 Thumb Ring
36:32 Gold Shaft Mining
39:03 Imperial Age
36:58 Masonry
39:21 Pikeman
39:47 Arson
40:27 Squires
40:18 Halberdier
進清十郎
10:33 Feudal Age
14:06 Castle Age
12:23 Double-Bit Axe
13:06 Horse Collar
21:43 Wheelbarrow
25:58 Gold Mining
26:02 Stone Mining
28:54 Imperial Age
26:41 Hand Cart
26:12 Loom
27:35 Bow Saw
28:05 Bloodlines
28:01 Scale Barding Armor
28:27 Husbandry
28:46 Forging
29:12 Heavy Plow
28:56 Cavalier
30:40 Chain Barding Armor
31:27 Gold Shaft Mining
33:32 Plate Barding Armor
34:25 Iron Casting
34:09 Savar
37:44 Pikeman
38:24 Squires
38:14 Light Cavalry
RomaSaga
11:12 Feudal Age
14:59 Castle Age
13:46 Double-Bit Axe
13:53 Stone Mining
14:49 Loom
21:08 Gold Mining
21:04 Horse Collar
26:27 Bow Saw
26:21 Heavy Plow
27:05 Town Watch
34:57 Imperial Age
33:04 Wheelbarrow
33:19 Scale Barding Armor
34:36 Chain Barding Armor
34:27 Forging
34:18 Padded Archer Armor
34:09 Fletching
34:48 Hand Cart
35:06 Town Patrol
35:35 Scale Mail Armor
36:02 Conscription
35:54 Gold Mining
36:40 Stone Shaft Mining
36:42 Plate Barding Armor
35:39 Pikeman
36:20 Squires
36:06 Gambesons
37:00 Iron Casting
37:12 Elite Conquistador
37:47 Halberdier
38:43 Chain Mail Armor
40:35 Chemistry
42:17 Blast Furnace
41:14 Bodkin Arrow
41:35 Leather Archer Armor
42:40 Two-Man Saw
45:13 Ballistics
44:56 Bracer
45:27 Ring Archer Armor
無雙戰神-呂布
6:33 Double-Bit Axe
12:28 Feudal Age
11:28 Loom
16:49 Castle Age
15:36 Bow Saw
15:35 Horse Collar
16:21 Gold Mining
16:24 Stone Mining
17:45 Husbandry
20:40 Scale Barding Armor
21:31 Forging
24:27 Wheelbarrow
25:43 Gold Shaft Mining
25:49 Hand Cart
25:19 Cavalier
26:37 Heavy Plow
27:41 Chain Barding Armor
29:39 Iron Casting
29:56 Fletching
31:51 Crop Rotation
35:37 Burgundian Vineyards
37:18 Two-Man Saw
39:58 Imperial Age
39:05 Bodkin Arrow
39:13 Padded Archer Armor
39:52 Stone Shaft Mining
40:42 Leather Archer Armor
40:04 Paladin
41:22 Plate Barding Armor
41:47 Blast Furnace
40:48 Bracer
41:14 Conscription
41:44 Ballistics
41:08 Elite Skirmisher
42:52 Chemistry
41:57 Light Cavalry
炎帝
11:31 Feudal Age
12:24 Gold Mining
12:16 Horse Collar
12:23 Double-Bit Axe
17:43 Castle Age
24:24 Imperial Age
23:11 Bow Saw
30:23 Wheelbarrow
29:34 Loom
34:04 Hand Cart
34:27 Padded Archer Armor
34:18 Fletching
35:19 Town Watch
39:40 Bombard Tower
39:40 Ballistics
39:02 Treadmill Crane
40:38 Two-Man Saw
39:39 Heavy Plow
40:27 Gold Shaft Mining
39:42 Stone Mining
40:46 Town Patrol
41:20 Bodkin Arrow
41:41 Leather Archer Armor
42:03 Masonry
44:52 Bracer
Connection lost

Rejoining the realm…

Still unreachable

The connection could not be restored.

Session expired

The server has moved on; the page needs a fresh start.